 Dungeon Crawl Stone Soup version 0.21-a0-67-g3f13d09 (webtiles) character file.

1307 Ijustatesigmund the Cutter (level 8, -3/57 HPs)
             Began as an Octopode Assassin on June 17, 2017.
             Slain by Duvessa
             ... wielding a cursed +0 short sword
              (7 damage)
             ... on level 6 of the Dungeon.
             The game lasted 00:13:06 (5183 turns).

Ijustatesigmund the Cutter (Octopode Assassin)      Turns: 5183, Time: 00:13:07

Health: -3/57      AC:  1    Str: 15    XL:     8   Next: 57%
Magic:  8/8        EV: 13    Int: 14    God:
Gold:   307        SH:  6    Dex: 15    Spells: 7/7 levels left

rFire    . . .     SeeInvis .   a - +3 dagger
rCold    . . .     Gourm    .   r - +1 buckler
rNeg     . . .     Faith    .   (helmet restricted)
rPois    .         Spirit   .   (no amulet)
rElec    .         Reflect  .   (no ring)
rCorr    .         Harm     .   (no ring)
MR       .....                  (no ring)
Stlth    ++++......             (no ring)
HPRegen  0.19/turn              (no ring)
MPRegen  0.11/turn              (no ring)
                                (no ring)
                                (no ring)

@: mighty
A: almost no armour, stealthy swim, amphibious, 8 rings, constrict 8, camouflage
1, gelatinous body 1
a: no special abilities


You were on level 6 of the Dungeon.
You were hungry.

You visited 1 branch of the dungeon, and saw 6 of its levels.

You collected 307 gold pieces.

Inventory:

Hand Weapons
 a - a +3 dagger (weapon)
 b - a +0 blowgun
Missiles
 c - 53 poisoned needles
 d - 2 curare-tipped needles
 g - 3 javelins (quivered)
Armour
 r - a +1 buckler (worn)
Scrolls
 m - a scroll of immolation
 o - a scroll of fog
 s - 2 scrolls of recharging
 u - a scroll of amnesia
Potions
 j - a potion of lignification
 n - 2 potions of magic
Books
 i - a book of Changes

   Spells                             Type                      Level
   a - Beastly Appendage              Transmutation                1
   b - Sticks to Snakes               Transmutation                2
   c - Spider Form                    Transmutation/Poison         3
   d - Ice Form                       Ice/Transmutation            4
   e - Blade Hands                    Transmutation                5
Comestibles
 f - 4 bread rations
 h - 3 fruits
 k - 4 meat rations
 p - a royal jelly


   Skills:
 + Level 6.2 Fighting
 + Level 6.5 Short Blades
 - Level 2.0 Throwing
 + Level 2.0 Dodging
 - Level 5.3 Stealth
 - Level 4.8 Shields


You had 7 spell levels left.
You didn't know any spells.

Dungeon Overview and Level Annotations

Branches:
Dungeon (6/15)
 Temple: D:4-7

Altars:
Ashenzari
Elyvilon
Fedhas
Nemelex Xobeh
Ru

Annotations:
D:6 Dowan, Duvessa, Eustachio


Innate Abilities, Weirdness & Mutations

You cannot wear most types of armour.
You are very stealthy in the water. (Stealth+)
You are amphibious.
You can wear up to eight rings at the same time.
You can use your tentacles to constrict eight enemies at once.
Your skin changes colour to match your surroundings (Stealth+).
Your rubbery body absorbs attacks. (AC +1, EV +1)


Message History

* * * LOW HITPOINT WARNING * * *
Okay, then.
You feel better.
You constrict Duvessa. Duvessa barely misses you.
Dowan gestures at you while chanting. The puff of flame misses you.
You puncture Duvessa!
Duvessa is heavily wounded.
You constrict Duvessa, but do no damage.
Duvessa hits you but does no damage.
Dowan mumbles some strange words.
Dowan blinks!
You hit Duvessa but do no damage. You squeeze Duvessa!
Duvessa is heavily wounded.
You constrict Duvessa, but do no damage.
Duvessa hits you with a short sword!
* * * LOW HITPOINT WARNING * * *
Duvessa hits you with a short sword.
* * * LOW HITPOINT WARNING * * *
You release your grip on Duvessa.
Duvessa hits you with a short sword!
You die...

#.........# #
...##.........#
##
#..##..S......#
#.
#..##.........#
#.
#..##.........#
#.
#.............#
#.
#.##..ยง.......#
#.
#e##..........#
#.
#.@............
..#
###############
#.


You could see Duvessa (berserk).

Vanquished Creatures
  The ghost of Kidiri the Magician, an amateur DsFE (D:4)
  A phantom (D:4)
  3 ogres
  3 centaurs (D:5)
  A bullfrog (D:3)
  A wyvern skeleton (D:4)
  A scorpion (D:6)
  A water moccasin skeleton (D:5)
  A howler monkey (D:4)
  A bullfrog skeleton (D:5)
  An orc priest (D:5)
  A centaur skeleton (D:4)
  4 worker ants
  A worker ant zombie (D:5)
  6 adders
  2 oozes
  An adder zombie (D:5)
  2 adder skeletons (D:4)
  2 worms
  A dart slug (D:3)
  A leopard gecko (D:5)
  6 orcs
  A ball python (D:3)
  3 giant cockroaches
  10 goblins
  8 hobgoblins
  4 jackals
  3 kobolds (D:3)
  4 quokkas
  11 bats
  4 frilled lizards (D:1)
  A quokka zombie (D:6)
  6 rats
97 creatures vanquished.

Notes
Turn   | Place    | Note
-------+----------+-------------------------------------------
     0 | D:1      | Ijustatesigmund the Octopode Assassin began the quest for the Orb.
     0 | D:1      | Reached XP level 1. HP: 14/14 MP: 1/1
   268 | D:1      | Reached XP level 2. HP: 20/20 MP: 2/2
   739 | D:1      | Found a sparkling altar of Nemelex Xobeh.
   836 | D:2      | Reached XP level 3. HP: 22/25 MP: 3/3
  1294 | D:3      | Reached XP level 4. HP: 25/31 MP: 4/4
  1598 | D:3      | Noticed a bullfrog
  1610 | D:3      | Killed a bullfrog
  1610 | D:3      | Reached skill level 1 in Shields
  1610 | D:3      | Reached XP level 5. HP: 14/36 MP: 5/5
  2577 | D:4      | Reached XP level 6. HP: 25/43 MP: 6/6
  3370 | D:4      | Noticed a phantom
  3411 | D:4      | Killed a phantom
  3554 | D:4      | Noticed Kidiri's ghost (amateur DsFE)
  3842 | D:4      | Reached skill level 5 in Short Blades
  3842 | D:4      | Reached XP level 7. HP: 49/49 MP: 7/7
  4009 | D:4      | Killed Kidiri's ghost
  4009 | D:4      | Reached skill level 5 in Fighting
  4194 | D:5      | Entered Level 5 of the Dungeon
  4424 | D:5      | Reached XP level 8. HP: 53/56 MP: 8/8
  4443 | D:5      | Found a blossoming altar of Fedhas.
  4637 | D:6      | Noticed Eustachio
  5081 | D:6      | Found a white marble altar of Elyvilon.
  5082 | D:6      | Found a sacrificial altar of Ru.
  5144 | D:6      | Found a shattered altar of Ashenzari.
  5151 | D:6      | Noticed Dowan
  5152 | D:6      | Noticed Duvessa
  5183 | D:6      | Slain by Duvessa

Vault maps used:
D:1:      erik_arrival_triangle_small, minivault_24,
          nemelex_diamond_rough_becter
D:3:      kennysheep_generic_room_7
D:4:      first_bread, st_stairs_13
D:5:      fedhas_altar_1
D:6:      nicolae_ashenzari_panopticon, gammafunk_temple_overflow_pools,
          minmay_temple_entry_enclosed_plants, uniq_duvessa, uniq_eustachio

Skill      XL: |  1  2  3  4  5  6  7  8 |
---------------+-------------------------+-----
Fighting       | 3 4 5 6 |  6.2
Short Blades   | 3 4 5 6 |  6.5
Shields        | 1 2 3 4 |  4.8
Dodging        | 2 |  2.0
Throwing       | |  2.0
Stealth        | |  5.3

Action                   |  1- 3 |  4- 6 |  7- 9 || total
-------------------------+-------+-------+-------++-------
Melee: Dagger            |    61 |   108 |    91 ||   260
       Constrict         |    12 |    12 |    12 ||    36
       Tentacles         |     6 |    17 |    20 ||    43
 Fire: Blowgun           |       |     4 |     8 ||    12
Throw: Javelin           |       |     4 |     1 ||     5
  Use: Scroll            |    10 |     5 |     9 ||    24
       Potion            |       |     3 |     8 ||    11
 Stab: Sleeping          |    15 |    14 |     3 ||    32
  Eat: Chunk             |       |     5 |     3 ||     8
       Fruit             |       |     1 |     2 ||     3
       Royal jelly       |       |     1 |       ||     1
Armor: Skin              |     3 |     3 |     1 ||     7
Dodge: Dodged            |    25 |    37 |    37 ||    99
Block: Buckler           |     1 |    16 |    21 ||    38
